[ AOE2 MATCH · #507090185 ]
UnrankedPersians vs Byzantines
Player's team · LOSS
[ REPLAY ANALYSIS · EXTRACTED FROM THE RECORDED GAME ]
Feudal
—
Castle
—
Imperial
—
| APM avg | 58.2 |
| APM peak | 91 |
| eAPM avg | 20.6 |
| Villagers / military | 78 / 0 |
Focus
⚔️ 22.2% · 🌾 77.8%
Feudal
11:20
Castle
—
Imperial
—
| APM avg | 65.6 |
| APM peak | 121 |
| eAPM avg | 24.2 |
| Villagers / military | 35 / 2 |
Focus
⚔️ 37.8% · 🌾 62.2%
Militia ×2
Match map
Initial resources + every placement click. Lines = walls · curves = elevation contours. ◆ gold · ⬟ stone · ● berries · ✦ relic · ◌ wall gap
Your base· Open — unwalled flank
Sin Man's base· Open — unwalled flank
Smoothed initial terrain · ◌ = detected wall gap · hover for details
Inputs per minute
— DS_Biry - - Sin Man
Build order — DS_Biry
110 actions detected in the replay
| 0:00 | Queue | Villager (Male) |
| 0:01 | Queue | Villager (Male) |
| 0:01 | Queue | Villager (Male) |
| 0:01 | Queue | Villager (Male) |
| 0:02 | Queue | Villager (Male) |
| 0:02 | Build | House |
| 0:04 | Build | House |
| 1:25 | Queue | Villager (Male) |
| 1:25 | Queue | Villager (Male) |
| 1:26 | Queue | Villager (Male) |
| 2:04 | Queue | Villager (Male) |
| 2:04 | Queue | Villager (Male) |
| 2:12 | Queue | Villager (Male) |
| 2:12 | Queue | Villager (Male) |
| 2:42 | Queue | Villager (Male) |
| 3:06 | Queue | Villager (Male) |
| 3:06 | Queue | Villager (Male) |
| 3:38 | Build | House |
| 3:47 | Queue | Villager (Male) |
| 3:48 | Queue | Villager (Male) |
| 4:05 | Queue | Villager (Male) |
| 4:05 | Queue | Villager (Male) |
| 4:10 | Build | Mill |
| 4:28 | Queue | Villager (Male) |
| 4:28 | Queue | Villager (Male) |
| 5:10 | Queue | Villager (Male) |
| 5:10 | Queue | Villager (Male) |
| 5:38 | Research | Loom |
| 5:55 | Queue | Villager (Male) |
| 6:00 | Research | Loom |
| 6:00 | Research | Loom |
| 6:00 | Research | Loom |
| 6:00 | Queue | Villager (Male) |
| 6:27 | Queue | Villager (Male) |
| 6:27 | Queue | Villager (Male) |
| 6:37 | Build | House |
| 6:57 | Build | Palisade Gate |
| 7:00 | Build | Palisade Wall |
| 7:30 | Queue | Villager (Male) |
| 7:38 | Build | Town Center |
| 8:22 | Queue | Villager (Male) |
| 8:22 | Queue | Villager (Male) |
| 8:22 | Queue | Villager (Male) |
| 8:29 | Queue | Villager (Male) |
| 8:53 | Queue | Villager (Male) |
| 8:53 | Queue | Villager (Male) |
| 9:22 | Build | House |
| 10:11 | Queue | Villager (Male) |
| 10:11 | Queue | Villager (Male) |
| 10:11 | Queue | Villager (Male) |
| 10:25 | Build | Farm |
| 10:30 | Build | Farm |
| 10:48 | Queue | Villager (Male) |
| 10:48 | Queue | Villager (Male) |
| 11:07 | Build | House |
| 11:17 | Queue | Villager (Male) |
| 11:17 | Queue | Villager (Male) |
| 11:59 | Queue | Villager (Male) |
| 11:59 | Queue | Villager (Male) |
| 11:59 | Queue | Villager (Male) |
| 12:30 | Queue | Villager (Male) |
| 12:30 | Queue | Villager (Male) |
| 13:02 | Queue | Villager (Male) |
| 13:03 | Queue | Villager (Male) |
| 13:03 | Queue | Villager (Male) |
| 13:34 | Queue | Villager (Male) |
| 13:34 | Queue | Villager (Male) |
| 14:07 | Queue | Villager (Male) |
| 14:07 | Queue | Villager (Male) |
| 14:23 | Queue | Villager (Male) |
| 14:23 | Queue | Villager (Male) |
| 15:36 | Queue | Villager (Male) |
| 15:36 | Queue | Villager (Male) |
| 15:36 | Queue | Villager (Male) |
| 16:22 | Queue | Villager (Male) |
| 16:23 | Queue | Villager (Male) |
| 16:51 | Queue | Villager (Male) |
| 16:51 | Queue | Villager (Male) |
| 17:06 | Build | Palisade Wall |
| 17:16 | Build | Palisade Wall |
| 17:19 | Build | Palisade Wall |
| 17:37 | Build | Palisade Wall |
| 17:38 | Build | Palisade Wall |
| 17:39 | Build | Palisade Wall |
| 17:42 | Build | Palisade Wall |
| 17:45 | Build | Palisade Wall |
| 17:47 | Build | Palisade Wall |
| 17:53 | Queue | Villager (Male) |
| 17:53 | Queue | Villager (Male) |
| 18:24 | Queue | Villager (Male) |
| 18:24 | Queue | Villager (Male) |
| 19:06 | Build | Farm |
| 19:37 | Build | Farm |
| 20:01 | Build | Farm |
| 20:24 | Queue | Villager (Male) |
| 20:24 | Queue | Villager (Male) |
| 20:43 | Build | Farm |
| 21:04 | Queue | Villager (Male) |
| 21:05 | Queue | Villager (Male) |
| 21:21 | Build | Farm |
| 22:07 | Queue | Villager (Male) |
| 22:07 | Queue | Villager (Male) |
| 22:18 | Build | Farm |
| 22:34 | Queue | Villager (Male) |
| 22:34 | Queue | Villager (Male) |
| 22:34 | Queue | Villager (Male) |
| 22:36 | Build | Farm |
| 22:56 | Queue | Villager (Male) |
| 22:56 | Queue | Villager (Male) |
| 23:33 | Queue | Villager (Male) |
Build order — Sin Man
88 actions detected in the replay
| 0:00 | Queue | Villager (Male) |
| 0:01 | Queue | Villager (Male) |
| 0:02 | Build | House |
| 0:03 | Build | House |
| 0:07 | Queue | Villager (Male) |
| 0:07 | Queue | Villager (Male) |
| 1:25 | Queue | Villager (Male) |
| 1:25 | Queue | Villager (Male) |
| 1:57 | Queue | Villager (Male) |
| 2:17 | Queue | Villager (Male) |
| 2:34 | Queue | Villager (Male) |
| 2:34 | Queue | Villager (Male) |
| 2:58 | Queue | Villager (Male) |
| 2:58 | Queue | Villager (Male) |
| 3:18 | Build | Barracks |
| 3:40 | Build | House |
| 3:44 | Queue | Villager (Male) |
| 3:44 | Queue | Villager (Male) |
| 4:08 | Build | House |
| 4:18 | Queue | Militia |
| 4:22 | Queue | Villager (Male) |
| 4:38 | Queue | Militia |
| 4:49 | Queue | Villager (Male) |
| 5:21 | Queue | Villager (Male) |
| 5:21 | Queue | Villager (Male) |
| 5:46 | Queue | Villager (Male) |
| 5:59 | Build | Mill |
| 6:03 | Research | Loom |
| 6:19 | Queue | Villager (Male) |
| 6:19 | Queue | Villager (Male) |
| 6:33 | Queue | Villager (Male) |
| 6:42 | Queue | Villager (Male) |
| 7:06 | Queue | Villager (Male) |
| 7:28 | Build | Lumber Camp |
| 7:29 | Queue | Villager (Male) |
| 8:55 | Research | Feudal Age |
| 8:55 | Research | Feudal Age |
| 8:55 | Research | Feudal Age |
| 10:56 | Queue | Villager (Male) |
| 10:56 | Queue | Villager (Male) |
| 11:08 | Build | Outpost |
| 11:20 | Age | Feudal Age |
| 11:28 | Research | Double-Bit Axe |
| 11:46 | Queue | Villager (Male) |
| 12:02 | Queue | Villager (Male) |
| 12:52 | Queue | Villager (Male) |
| 12:52 | Queue | Villager (Male) |
| 13:04 | Build | House |
| 13:36 | Queue | Villager (Male) |
| 13:37 | Queue | Villager (Male) |
| 15:09 | Queue | Villager (Male) |
| 15:09 | Queue | Villager (Male) |
| 16:51 | Build | Palisade Wall |
| 16:53 | Build | Palisade Wall |
| 16:53 | Build | Palisade Wall |
| 16:55 | Build | Palisade Wall |
| 16:56 | Build | Palisade Wall |
| 16:58 | Build | Palisade Wall |
| 16:59 | Build | Palisade Wall |
| 17:00 | Build | Palisade Wall |
| 17:24 | Build | Palisade Wall |
| 17:26 | Build | Palisade Wall |
| 19:21 | Build | Palisade Wall |
| 19:55 | Build | Palisade Wall |
| 20:09 | Build | Palisade Wall |
| 20:11 | Build | Palisade Wall |
| 20:16 | Build | Palisade Wall |
| 20:18 | Build | Palisade Wall |
| 20:19 | Build | Palisade Wall |
| 20:46 | Build | Stone Wall |
| 20:52 | Build | Stone Wall |
| 20:55 | Build | Stone Wall |
| 21:29 | Build | Palisade Wall |
| 21:48 | Build | Palisade Wall |
| 21:54 | Build | Palisade Wall |
| 21:55 | Build | Palisade Wall |
| 21:58 | Build | Palisade Wall |
| 22:03 | Build | Palisade Wall |
| 22:08 | Build | Stone Wall |
| 22:09 | Build | Stone Wall |
| 22:12 | Build | Stone Wall |
| 22:17 | Build | Stone Wall |
| 23:15 | Build | Stone Wall |
| 23:16 | Build | Stone Wall |
| 23:18 | Build | Stone Wall |
| 23:20 | Build | Stone Wall |
| 23:22 | Build | Stone Wall |
| 23:23 | Build | Stone Wall |
Match timeline
| 3:18 | Sin Man · first_building Barracks |
| 7:00 | DS_Biry · wall_segment Palisade Wall x1 |
| 11:20 | Sin Man · age_up feudal |
| 16:51 | Sin Man · wall_segment Palisade Wall x1 |
| 16:53 | Sin Man · wall_segment Palisade Wall x1 |
| 16:53 | Sin Man · wall_segment Palisade Wall x1 |
| 16:55 | Sin Man · wall_segment Palisade Wall x1 |
| 16:56 | Sin Man · wall_segment Palisade Wall x1 |
| 16:58 | Sin Man · wall_segment Palisade Wall x1 |
| 16:59 | Sin Man · wall_segment Palisade Wall x1 |
| 17:00 | Sin Man · wall_segment Palisade Wall x1 |
| 17:06 | DS_Biry · wall_segment Palisade Wall x2 |
| 17:16 | DS_Biry · wall_segment Palisade Wall x5 |
| 17:19 | DS_Biry · wall_segment Palisade Wall x1 |
| 17:24 | Sin Man · wall_segment Palisade Wall x1 |
| 17:26 | Sin Man · wall_segment Palisade Wall x1 |
| 17:37 | DS_Biry · wall_segment Palisade Wall x1 |
| 17:38 | DS_Biry · wall_segment Palisade Wall x1 |
| 17:39 | DS_Biry · wall_segment Palisade Wall x1 |
| 17:42 | DS_Biry · wall_segment Palisade Wall x1 |
| 17:45 | DS_Biry · wall_segment Palisade Wall x1 |
| 17:47 | DS_Biry · wall_segment Palisade Wall x1 |
| 19:21 | Sin Man · wall_segment Palisade Wall x1 |
| 19:55 | Sin Man · wall_segment Palisade Wall x1 |
| 20:09 | Sin Man · wall_segment Palisade Wall x1 |
| 20:11 | Sin Man · wall_segment Palisade Wall x1 |
| 20:16 | Sin Man · wall_segment Palisade Wall x1 |
| 20:18 | Sin Man · wall_segment Palisade Wall x1 |
| 20:19 | Sin Man · wall_segment Palisade Wall x1 |
| 20:46 | Sin Man · wall_segment Stone Wall x1 |
| 20:52 | Sin Man · wall_segment Stone Wall x1 |
| 20:55 | Sin Man · wall_segment Stone Wall x1 |
| 21:29 | Sin Man · wall_segment Palisade Wall x1 |
| 21:48 | Sin Man · wall_segment Palisade Wall x1 |
| 21:54 | Sin Man · wall_segment Palisade Wall x1 |
| 21:55 | Sin Man · wall_segment Palisade Wall x1 |
| 21:58 | Sin Man · wall_segment Palisade Wall x1 |
| 22:03 | Sin Man · wall_segment Palisade Wall x1 |
| 22:08 | Sin Man · wall_segment Stone Wall x1 |
| 22:09 | Sin Man · wall_segment Stone Wall x1 |
| 22:12 | Sin Man · wall_segment Stone Wall x1 |
| 22:17 | Sin Man · wall_segment Stone Wall x1 |
| 23:15 | Sin Man · wall_segment Stone Wall x1 |
| 23:16 | Sin Man · wall_segment Stone Wall x1 |
| 23:18 | Sin Man · wall_segment Stone Wall x1 |
| 23:20 | Sin Man · wall_segment Stone Wall x1 |
| 23:22 | Sin Man · wall_segment Stone Wall x1 |
| 23:23 | Sin Man · wall_segment Stone Wall x1 |
[ AI ANALYSIS · 1 CREDIT ]
What really happened in this match?
Wolo.gg analyzes every decision: build order, eco, micro, common mistakes by bracket. Personalized analysis on WhatsApp or Discord in 30 seconds.
Civ guide
Persians
Perfil
Jugador #12952693